 Dungeon Crawl Stone Soup version 0.23.0-3-gf3c87f2 (webtiles) character file.

Game seed: 9495666304576723919

202 inmateoo the Covered (level 6, 0/60 HPs)
             Began as a Halfling Wanderer on Feb 21, 2019.
             Was an Initiate of Okawaru.
             Killed by divine providence
             ... invoked by an orc priest
              (10 damage)
             ... on level 3 of the Dungeon.
             The game lasted 00:03:14 (2576 turns).

inmateoo the Covered (Halfling Wanderer)            Turns: 2576, Time: 00:03:15

Health: 0/60       AC:  9    Str: 22    XL:     6   Next: 8%
Magic:  6/6        EV: 12    Int: 16    God:    Okawaru [......]
Gold:   128        SH:  0    Dex: 11    Spells: 5/5 levels left

rFire    . . .     SeeInvis .   b - +0 hand axe
rCold    . . .     Gourm    .   (shield restricted)
rNeg     . . .     Faith    .   a - +2 scale mail
rPois    .         Spirit   .   (no helmet)
rElec    .         Reflect  .   (no cloak)
rCorr    .         Harm     .   (no gloves)
MR       .....                  (no boots)
Stlth    ..........             (no amulet)
HPRegen  0.20/turn              (no ring)
MPRegen  0.10/turn              (no ring)

@: brilliant, berserking, flying, very quick
A: small, mutation resistance 1
a: Renounce Religion


You were on level 3 of the Dungeon.
You worshipped Okawaru.
Okawaru was noncommittal.
You were not hungry.

You visited 1 branch of the dungeon, and saw 3 of its levels.

You collected 128 gold pieces.

Inventory:

Hand Weapons
 b - a +0 hand axe (weapon)
 n - a +0 hunting sling
Missiles
 p - 13 sling bullets
Armour
 a - a +2 scale mail (worn)
Wands
 c - a wand of random effects (15)
Scrolls
 e - 2 scrolls of enchant armour {unknown}
 j - 4 scrolls of remove curse {unknown}
 k - a scroll of random uselessness {unknown}
 m - a scroll of noise {unknown}
 r - 2 scrolls of identify {unknown}
 t - a scroll of amnesia {unknown}
Potions
 f - a potion of heal wounds {unknown}
 g - a potion of ambrosia {unknown}
 h - a potion of brilliance
 l - a potion of flight
 o - a potion of agility {unknown}
Comestibles
 d - 6 rations
 s - a chunk of flesh


   Skills:
 + Level 2.3 Fighting
 + Level 3.7 Axes
 * Level 2.8 Slings
 + Level 6.1 Armour
 + Level 1.2 Dodging
   Level 1.1 Shields
 - Level 1.0 Evocations


You had 5 spell levels left.
You didn't know any spells.
Your spell library was empty.

Dungeon Overview and Level Annotations

Branches:
Dungeon (3/15)

Altars:
Fedhas
Okawaru
Ru


Innate Abilities, Weirdness & Mutations

You are small and have problems with some larger weapons.
You are somewhat resistant to further mutation.


Message History

The orc hits you but does no damage.
You hit the orc priest.
The orc priest is lightly wounded.
You hit the orc.
Unknown command.
You hit the orc priest.
The orc priest is moderately wounded.
You completely miss the orc.
The orc priest hits you with a +2 falchion of holy wrath.
* * * LOW HITPOINT WARNING * * *
The orc barely misses you.
Unknown command.
You completely miss the orc priest.
The orc priest is moderately wounded.
You slash the orc!
You kill the orc!
Okawaru accepts your kill.
The orc priest mumbles some strange prayers to Beogh against you.
Beogh smites you!
You die...

.................................
.................................
###...############.####.###..(..#
##......##### #.......###.#.##
#...........# #####.#.....((..
#..###>.###.# #...###.#.(#
#.........#.# ##### #.#(..
##..###..#.#.###### #.(.((
.........#......@o# ###.†#
.#...........####)# #..(
.##.##.####### .# #... .##.##.#
.. #... .##.##.# .## #...
.##÷##.# .# #... .......# ..
######... ###.##### .#
#.#........ #...(...# ...........


You could see an orc priest.

Vanquished Creatures
  A crimson imp (D:3)
  A centaur skeleton (D:3)
  6 adders
  An ooze (D:3)
  A worm (D:2)
  A dart slug (D:1)
  3 leopard geckos
  11 orcs (D:3)
  2 giant cockroaches (D:2)
  5 goblins
  3 hobgoblins
  12 bats
  2 frilled lizards (D:1)
  12 kobolds
  11 rats
72 creatures vanquished.

Notes
Turn   | Place    | Note
-------+----------+-------------------------------------------
     0 | D:1      | inmateoo the Halfling Wanderer began the quest for the Orb.
     0 | D:1      | inmateoo set off with the following items: a +2 scale mail,
                  | a +0 hand axe, a wand of random effects (15), a ration
     0 | D:1      | Reached XP level 1. HP: 13/13 MP: 1/1
   188 | D:1      | Reached XP level 2. HP: 13/18 MP: 2/2
   437 | D:1      | Reached XP level 3. HP: 20/23 MP: 3/3
  1008 | D:2      | Found a faded altar of an unknown god.
  1022 | D:2      | Reached XP level 4. HP: 19/29 MP: 4/4
  1296 | D:2      | Found an iron altar of Okawaru.
  1319 | D:2      | Became a worshipper of Warmaster Okawaru
  1871 | D:3      | Reached skill level 1 in Slings
  1882 | D:3      | Reached skill level 6 in Armour
  1882 | D:3      | Reached XP level 5. HP: 34/34 MP: 5/5
  1890 | D:3      | Found a sacrificial altar of Ru.
  1890 | D:3      | Found a blossoming altar of Fedhas.
  2268 | D:3      | Reached skill level 1 in Dodging
  2472 | D:3      | Reached XP level 6. HP: 38/40 MP: 6/6
  2576 | D:3      | Killed from afar by an orc priest

Skill      XL: |  1  2  3  4  5 |
---------------+----------------+-----
Axes           | 3 |  3.7
Fighting       | 2 |  2.3
Slings         | 1 2 |  2.8
Armour         | 6 |  6.1
Dodging        | 1 |  1.2
Shields        | |  1.1
Evocations     | |  1.0

Action                   |  1- 3 |  4- 6 || total
-------------------------+-------+-------++-------
Melee: Hand axe          |   121 |   201 ||   322
  Use: Potion            |       |     5 ||     5
  Eat: Chunk             |     1 |     5 ||     6
Armor: Scale mail        |    63 |   131 ||   194
Dodge: Dodged            |    87 |   178 ||   265
